 Dungeon Crawl Stone Soup version 0.19.5 (webtiles) character file.

139 Forgotmypassicot the Changer (level 5, -2/37 HPs)
             Began as a Merfolk Transmuter on Apr 28, 2017.
             Slain by a gnoll
             ... wielding a +0 club
              (3 damage)
             ... on level 3 of the Dungeon.
             The game lasted 00:18:39 (1415 turns).

Forgotmypassicot the Changer (Merfolk Transmuter)   Turns: 1415, Time: 00:18:40

Health: -2/37      AC:  2    Str: 10    XL:     5   Next: 22%
Magic:  2/9        EV: 14    Int: 12    God:
Gold:   66         SH:  0    Dex: 16    Spells: 2 memorised, 7 levels left

rFire  . . .     SeeInvis .     o - +2 dagger (protect)
rCold  . . .     Gourm    .     b - +0 robe
rNeg   . . .     Faith    .     (no shield)
rPois  .         Spirit   .     (no helmet)
rElec  .         Reflect  .     (no cloak)
rCorr  .         Harm     .     (no gloves)
MR     .....                    (no boots)
Stlth  +.........               (no amulet)
                                (no ring)
                                q - ring of loudness (curse)

@: about to teleport
A: change form in water, swift swim, stealthy swim
a: no special abilities


You were on level 3 of the Dungeon.
You were not hungry.

You visited 1 branch of the dungeon, and saw 3 of its levels.

You collected 66 gold pieces.

Inventory:

Hand Weapons
 o - a +2 dagger of protection (weapon)
 p - a +2 dagger of holy wrath
Missiles
 a - 14 arrows
 e - a throwing net (quivered)
 j - 15 poisoned needles
Armour
 b - a +0 robe (worn)
Jewellery
 q - a cursed ring of loudness (left hand)
Scrolls
 l - a scroll of remove curse
 m - a scroll of immolation {unknown}
 s - a scroll of enchant weapon {unknown}
 t - a scroll of enchant armour {unknown}
Potions
 h - a potion of brilliance {unknown}
 k - 2 potions of curing {unknown}
Books
 c - a book of Changes

   Spells                             Type                      Level
   a - Beastly Appendage              Transmutation                1
   b - Sticks to Snakes               Transmutation                2
   c - Spider Form                    Transmutation/Poison         3
   d - Ice Form                       Ice/Transmutation            4
   e - Blade Hands                    Transmutation                5
Comestibles
 d - 2 bread rations
 i - a meat ration
 n - a royal jelly
 r - a beef jerky


   Skills:
 + Level 1.4 Fighting
 + Level 1.9 Short Blades
 + Level 3.6 Dodging
 + Level 0.2 Stealth
 + Level 3.7 Unarmed Combat
 + Level 3.0 Spellcasting
 + Level 4.0 Transmutations


You had 7 spell levels left.
You knew the following spells:

 Your Spells              Type           Power        Failure   Level  Hunger
a - Beastly Appendage     Tmut           ##....       6%          1    #......
b - Sticks to Snakes      Tmut           ##......     10%         2    ###....


Dungeon Overview and Level Annotations

Branches:
Dungeon (3/15)

Altars:
Okawaru
Vehumet

Annotations:
D:2 Terence


Message History

The bat closely misses you. The bat hits you but does no damage.
The bat misses you. The bat barely misses you.
You hit the bat.
You kill the bat!
Casting: Sticks to Snakes
Confirm with . or Enter, or press ? or * to list all spells.
You create a snake!
You now have 14 arrows.
The kobold hits your ball python with a dagger.
Your ball python dies!
The gnoll hits you with a club!
* * * LOW HITPOINT WARNING * * *
Okay, then.
Casting: Sticks to Snakes
Confirm with . or Enter, or press ? or * to list all spells.
You don't have enough magic to cast that spell.
As you read the scroll labeled NIADWA DEFONTA, it crumbles to dust.
You feel strangely unstable.
It was a scroll of teleportation.
The gnoll hits you with a club.
You die...

# # # # # #. # #. #
#.#
####.################
........)†..o.Kg@...#
.###...############.#
.......# #.#...S#
.....S.# ##...og#
...K...# ##....##
<.....#


You could see a gnoll, an orc and a kobold.

Vanquished Creatures
  A bullfrog (D:3)
  2 adders
  3 gnolls (D:3)
  An ooze (D:1)
  2 leopard geckos (D:1)
  A giant cockroach (D:1)
  4 goblins
  3 hobgoblins
  4 kobolds
  A ball python (D:1)
  7 bats
  3 frilled lizards
  2 rats (D:1)
34 creatures vanquished.

Vanquished Creatures (collateral kills)
  A gnoll (D:3)
  A ball python (D:1)
  A frilled lizard (D:3)
  A goblin (D:2)
4 creatures vanquished.

Grand Total: 38 creatures vanquished

Notes
Turn   | Place    | Note
-------+----------+-------------------------------------------
     0 | D:1      | Forgotmypassicot the Merfolk Transmuter began the quest for the Orb.
     0 | D:1      | Reached XP level 1. HP: 15/15 MP: 3/3
   248 | D:1      | Reached XP level 2. HP: 18/21 MP: 3/5
   253 | D:1      | Learned a level 2 spell: Sticks to Snakes
   315 | D:1      | Reached skill level 3 in Transmutations
   762 | D:2      | Found a radiant altar of Vehumet.
   846 | D:2      | Reached XP level 3. HP: 20/26 MP: 6/6
   895 | D:2      | Found an iron altar of Okawaru.
   899 | D:2      | Noticed Terence
  1078 | D:3      | Reached XP level 4. HP: 19/32 MP: 2/7
  1221 | D:3      | Noticed a bullfrog
  1230 | D:3      | Killed a bullfrog
  1230 | D:3      | Reached skill level 1 in Short Blades
  1230 | D:3      | Reached skill level 4 in Transmutations
  1230 | D:3      | Reached XP level 5. HP: 27/37 MP: 1/9
  1413 | D:3      | HP: 1/37 [gnoll/club (7)]
  1415 | D:3      | Slain by a gnoll

Skill      XL: |  1  2  3  4 |
---------------+-------------+-----
Dodging        | 3 |  3.6
Transmutations | 3 4 |  4.0
Short Blades   | 1 |  1.9
Spellcasting   | 3 |  3.0
Fighting       | |  1.4
Stealth        | |  0.2
Unarmed Combat | |  3.7

Action                   |  1- 3 |  4- 6 || total
-------------------------+-------+-------++-------
Melee: Unarmed           |    53 |       ||    53
       Headbutt          |    12 |     4 ||    16
       Punch             |     1 |       ||     1
       Dagger            |    54 |    27 ||    81
 Cast: Beastly Appendage |    17 |     4 ||    21
       Sticks to Snakes  |     7 |     6 ||    13
  Use: Scroll            |     4 |     1 ||     5
       Potion            |     1 |       ||     1
  Eat: Chunk             |     1 |     2 ||     3
Armor: Robe              |    27 |     7 ||    34
Dodge: Dodged            |    86 |    25 ||   111
